 Dungeon Crawl Stone Soup version 0.31.0-32-g396128a36d (webtiles) character file.

Game seed: 15624048227626839758

201 cermafil the Trooper (level 5, -1/41 HPs)
             Began as a Demonspawn Monk on Apr 11, 2024.
             Was a Believer of Hepliaklqana.
             Killed by divine providence
             ... invoked by an orc priest
              (12 damage)
             ... on level 4 of the Dungeon.
             The game lasted 00:08:24 (2539 turns).

cermafil the Trooper (Demonspawn Monk)              Turns: 2539, Time: 00:08:25

Health: -1/41      AC: 10    Str: 14    XL:     5   Next: 50%
Magic:  5/5        EV:  9    Int: 10    God:    Hepliaklqana [**....]
Gold:   111        SH:  5    Dex: 17    Spells: 4/4 levels left

rFire   x . .        c - +1 trident (freeze)
rCold   + + .        d - orb {light}
rNeg    . . .        i - +0 ice dragon scales
rPois   .            (no helmet)
rElec   .            (no cloak)
rCorr   .            l - +0 pair of gloves
SInv    .            (no boots)
Will    .....        m - amulet of reflection
Stlth   +            (no ring)
HPRegen 0.26/turn    (no ring)
MPRegen 0.09/turn

%: reflection
@: glowing
A: reduced essence, thin skeletal structure 1, demonic guardian 1, demonic touch
1
a: Renounce Religion, Recall Ancestor, Ancestor Identity


You were on level 4 of the Dungeon.
You worshipped Hepliaklqana.
Hepliaklqana was pleased with you.
You visited 1 branch of the dungeon, and saw 4 of its levels.

You collected 111 gold pieces.

Inventory:

Hand Weapons
 a - a +0 hand axe
 c - a +1 trident of freezing (weapon)
Armour
 b - a +0 robe
 d - an orb of light (worn)
 i - +0 ice dragon scales (worn)
 k - a +0 chain mail
 l - a +0 pair of gloves (worn)
Magical Staves
 g - a staff of air
Jewellery
 m - an amulet of reflection (around neck)
Scrolls
 h - a scroll of identify
 j - a scroll of brand weapon
Potions
 e - a potion of heal wounds
 f - a potion of degeneration


   Skills:
 * Level 5.6 Fighting
 - Level 2.6 Axes
 + Level 2.1 Armour
 - Level 2.6 Dodging


You had 4 spell levels left.
You didn't know any spells.
Your spell library contained the following spells:

 Spells                   Type           Power      Damage    Failure   Level
 Scorch                   Fire           0%         2d5       97%         2
 Flame Wave               Conj/Fire      0%         2d4       100%        4
 Summon Cactus Giant      Summ           0%         N/A       100%        6


Dungeon Overview and Level Annotations

Branches:
Dungeon (4/15)
 Temple: D:4-7

Altars:
Fedhas
Hepliaklqana
Sif Muna


Innate Abilities, Weirdness & Mutations

Your life essence is reduced to manifest your ancestor. (-10% HP)
You have a somewhat thin skeletal structure. (Dex +2, Stealth+)
A weak demonic guardian rushes to your aid.
Your touch may inflict minor irresistible damage on your foes.


Message History

The orc wizard hits you with a +1 dagger of speed.
You puncture the orc wizard! You freeze the orc wizard.
You kill the orc wizard!
Reactivating autopickup.
An iguana comes into view.
The orc priest mumbles some strange prayers to Beogh against you.
Beogh smites you!
A demonic guardian appears!
The orc priest completely misses your shadow imp.
Your Armour skill increases to level 2!
You closely miss Honza.
Honza is moderately damaged.
The orc priest hits your shadow imp with a +0 flail!
Your shadow imp barely misses the orc priest.
The orc priest invokes the aid of Beogh against you.
Beogh smites you!
* * * LOW HITPOINT WARNING * * *
You feel much better.
Your shadow imp hits the orc priest but does no damage.
The orc priest calls down the wrath of Beogh upon you.
Beogh smites you!
You hit Honza but do no damage.
Honza is moderately damaged.
Your shadow imp gestures at the orc priest.
The orc priest writhes in agony.
The orc priest hits your shadow imp with a +0 flail.
Your shadow imp dies!
Your shadow imp disappears in a puff of smoke!
The orc priest hits you with a +0 flail.
Things that are here:
a +1 dagger of speed; a +0 robe; an orc corpse You hit the orc priest.
You freeze the orc priest.
The orc priest is heavily wounded.
The orc priest mumbles some strange prayers to Beogh against you.
Pain shoots through your body!
* * * LOW HITPOINT WARNING * * *
You bump into the rock wall.
You feel less confused.
The orc priest mumbles some strange prayers to Beogh against you.
Beogh smites you!
You die... ###############. #<.....R@ooolo.. ################

You could see the friendly Honza the hexer, an iguana, 2 orc priests, an orc wizard (invisible) and an orc.

Vanquished Creatures
  Terence (D:2)
  Natasha (D:2)
  An orc wizard (D:4)
  3 adders
  2 dart slugs (D:2)
  3 ball pythons
  6 endoplasms
  3 giant cockroaches
  6 goblins
  7 hobgoblins
  A jackal (D:1)
  7 kobolds
  3 quokkas
  6 bats
  3 frilled lizards
  A rat (D:3)
54 creatures vanquished.

Vanquished Creatures (collateral kills)
  A bombardier beetle (D:3)
  2 jackals (D:1)
3 creatures vanquished.

Grand Total: 57 creatures vanquished

Notes
Turn   | Place    | Note
-------+----------+-------------------------------------------
     0 | D:1      | cermafil the Demonspawn Monk began the quest for the Orb.
     0 | D:1      | Reached XP level 1. HP: 18/18 MP: 1/1
   161 | D:1      | Gained mutation: A weak demonic guardian rushes to your
                  | aid. [demonic ancestry]
   161 | D:1      | Reached XP level 2. HP: 24/24 MP: 2/2
   281 | D:1      | Reached skill level 4 in Fighting
   420 | D:1      | Found a faded altar of an unknown god.
   776 | D:2      | Gained mutation: Your touch may inflict minor irresistible
                  | damage on your foes. [demonic ancestry]
   776 | D:2      | Reached XP level 3. HP: 28/30 MP: 3/3
  1098 | D:2      | Gained mutation: You have a somewhat thin skeletal
                  | structure. (Dex +2, Stealth+) [demonic ancestry]
  1098 | D:2      | Reached XP level 4. HP: 38/38 MP: 4/4
  1098 | D:2      | Noticed Terence
  1317 | D:2      | Killed Terence
  1318 | D:2      | Reached skill level 5 in Fighting
  1318 | D:2      | Reached skill level 1 in Armour
  1412 | D:2      | Noticed Natasha
  1418 | D:2      | Killed Natasha
  1818 | D:3      | Found a hazy altar of Hepliaklqana.
  1824 | D:3      | Became a worshipper of Hepliaklqana the Forgotten
  1824 | D:3      | Reached * piety under Hepliaklqana
  1824 | D:3      | Reached ** piety under Hepliaklqana
  1826 | D:3      | Remembered your ancestor Honza as a hexer
  1857 | D:3      | Reached XP level 5. HP: 39/39 MP: 5/5
  2265 | D:3      | Found a blossoming altar of Fedhas.
  2267 | D:3      | Found a shimmering blue altar of Sif Muna.
  2534 | D:4      | HP: 2/41 [orc priest/divine providence (14)]
  2539 | D:4      | Killed from afar by an orc priest

Illustrated notes

Levels and vault maps discovered:
D:1:      erik_arrival_blinker_ship, layout_basic,
          shapermc_ecumenical_altar_ellora
D:2:      layout_loops_ring, grunt_decor_one_mirror, minmay_misc_feat_alley,
          uniq_terence, uniq_natasha
D:3:      layout_loops_ring, worldfamousw_hep_ancestral_shrine,
          nicolae_overflow_hidden_temple
D:4:      layout_basic, enter_ossuary_4, uniq_blork_the_orc

Skill      XL: |  1  2  3  4  5 |
---------------+----------------+-----
Fighting       | 4 5 |  5.6
Armour         | 1 2 |  2.1
Axes           | |  2.6
Dodging        | |  2.6

Action                     |  1- 3 |  4- 6 || total
---------------------------+-------+-------++-------
  Melee: Hand axe          |   130 |    35 ||   165
         Trident           |       |    34 ||    34
 Invoke: Ancestor Life: He |       |     1 ||     1
         Ancestor Identity |       |     1 ||     1
    Use: Scroll            |     4 |     2 ||     6
         Potion            |       |     2 ||     2
   Stab: Distracted        |       |     1 ||     1
 Armour: Robe              |    12 |       ||    12
         Ice dragon scales |    81 |    44 ||   125
  Dodge: Dodged            |    67 |    30 ||    97
